 Dungeon Crawl Stone Soup version 0.25-a0-940-gc6eaff51cc (webtiles) character file.

Game seed: 2826887240750311857, levelgen mode: deterministic

489 Hasart the Chiller (level 6, 0/32 HPs)
             Began as a Deep Elf Ice Elementalist on May 5, 2020.
             Slain by a centaur (7 damage)
             ... on level 5 of the Dungeon.
             The game lasted 00:05:50 (4713 turns).

Hasart the Chiller (Deep Elf Ice Elementalist)      Turns: 4713, Time: 00:05:50

Health: 0/32       AC:  3    Str:  5    XL:     6   Next: 90%
Magic:  16/16      EV: 15    Int: 22    God:
Gold:   252        SH:  0    Dex: 15    Spells: 12/16 levels left

rFire    . . .     SeeInvis .   b - +0 dagger
rCold    . . .     Gourm    .   (no shield)
rNeg     . . .     Faith    .   a - +0 robe
rPois    .         Spirit   .   (no helmet)
rElec    .         Reflect  .   (no cloak)
rCorr    .         Harm     .   f - +0 pair of gloves
MR       .....                  (no boots)
Stlth    ++........             (no amulet)
HPRegen  0.10/turn              (no ring)
MPRegen  0.15/turn              (no ring)

@: no status effects
A: no striking features
a: no special abilities


You were on level 5 of the Dungeon.
You were not hungry.

You visited 2 branches of the dungeon, and saw 6 of its levels.

You collected 252 gold pieces.

Inventory:

Hand Weapons
 b - a +0 dagger (weapon)
Armour
 a - a +0 robe (worn)
 f - a +0 pair of gloves (worn)
Wands
 p - a wand of enslavement (8)
Scrolls
 d - 2 scrolls of identify {unknown}
 g - 2 scrolls of enchant weapon {unknown}
 i - 6 scrolls of teleportation {unknown}
 j - 2 scrolls of immolation {unknown}
 l - a scroll of noise {unknown}
 m - a scroll of magic mapping {unknown}
 n - 2 scrolls of enchant armour {unknown}
 q - a scroll of random uselessness {unknown}
 r - 2 scrolls of fog {unknown}
 u - a scroll of fear {unknown}
Potions
 e - a potion of berserk rage {unknown}
 h - 3 potions of curing {unknown}
 k - a potion of degeneration {unknown}
 o - a potion of cancellation {unknown}
 t - a potion of might {unknown}
 v - a potion of heal wounds {unknown}
Comestibles
 c - 5 rations


   Skills:
 + Level 4.8 Dodging
 - Level 2.4 Stealth
 + Level 5.5 Spellcasting
 * Level 7.2 Ice Magic


You had 12 spell levels left.
You knew the following spells:

 Your Spells              Type           Power        Failure   Level  Hunger
a - Freeze                Ice            ####         1%          1    None
b - Frozen Ramparts       Ice            #####.       1%          3    ##.....

Your spell library contained the following spells:

 Spells                   Type           Power        Failure   Level  Hunger
 Ozocubu's Armour         Chrm/Ice       ###.....     6%          3    ##.....
 Hailstorm                Conj/Ice       ###.....     22%         4    ####...
 Summon Ice Beast         Ice/Summ       ###.....     22%         4    ####...


Dungeon Overview and Level Annotations

Branches:
Dungeon (5/15)             Temple (1/1) D:4

Altars:
Ashenzari
Cheibriados
Dithmenos
Elyvilon
Fedhas
Makhleb
Nemelex Xobeh
Okawaru
Ru
Sif Muna
Uskayaw
Vehumet
Wu Jian
Xom
Yredelemnul
The Shining One

Annotations:
D:3 3 runed translucent doors, TrebMcFLY's ghost, amateur OpFi


Message History

There is an entrance to a sewer on this level.
Hurry and find it before the portal rusts away!
There is a stone staircase leading up here.
Key pressed, stopping explore.
All of the chunks of flesh in your inventory have rotted away.
A centaur comes into view.
Found 2 scrolls labeled FUHESK OC ZUKH.
The centaur shouts!
The centaur wields a +0 shortbow.
The centaur shoots an arrow.
The arrow barely misses you.
You see here an arrow.
The centaur shoots an arrow.
The arrow hits you!
You see here an arrow.
The centaur shoots an arrow.
The arrow hits you!
You see here an arrow.
The centaur shoots an arrow.
The arrow hits you.
* * * LOW HITPOINT WARNING * * *
Found a robe, 17 stones and a trident.
Found a stone staircase leading up.
You see here an arrow.
The centaur unwields a +0 shortbow.
The centaur hits you!
You die...

#.#......<......#
##.####..........
#.# #######.###
#.# # #(# #(# #(#
######(########
#....[..@.<.....
#.##(##.c#######
.) .?..#
#..#.###.# #. #
#.# # ..# ..# ..#


You could see a centaur.

Vanquished Creatures
  An ogre (D:4)
  3 hounds (D:4)
  An orc priest (D:2)
  Jessica (D:2)
  Ijyb (D:3)
  Terence (D:2)
  A worker ant (D:4)
  A hound skeleton (D:4)
  4 gnolls
  3 adders
  An ooze (D:4)
  3 worms
  2 dart slugs (D:2)
  2 leopard geckos
  7 orcs
  A ball python (D:2)
  4 giant cockroaches
  8 goblins
  5 hobgoblins
  3 jackals (D:4)
  3 quokkas
  12 bats
  4 frilled lizards
  10 kobolds
  A quokka skeleton (D:4)
  9 rats
92 creatures vanquished.

Notes
Turn   | Place    | Note
-------+----------+-------------------------------------------
     0 | D:1      | Hasart the Deep Elf Ice Elementalist began the quest for
                  | the Orb.
     0 | D:1      | Reached XP level 1. HP: 10/10 MP: 6/6
   509 | D:1      | Reached XP level 2. HP: 15/15 MP: 4/8
   832 | D:1      | Reached skill level 5 in Ice Magic
  1068 | D:1      | Reached XP level 3. HP: 19/19 MP: 8/10
  1756 | D:2      | Noticed Jessica
  1759 | D:2      | Killed Jessica
  1759 | D:2      | Reached XP level 4. HP: 24/24 MP: 8/11
  1763 | D:2      | Noticed Terence
  1769 | D:2      | Killed Terence
  1774 | D:2      | Learned a level 3 spell: Frozen Ramparts
  1869 | D:2      | Reached XP level 5. HP: 26/28 MP: 7/13
  2046 | D:2      | Found a basalt altar of Yredelemnul.
  2229 | D:2      | Reached skill level 6 in Ice Magic
  2629 | D:3      | Noticed a hippogriff
  2629 | D:3      | Noticed TrebMcFLY's ghost (amateur OpFi)
  2630 | D:3      | Found a runed translucent gate.
  2631 | D:3      | Found a runed translucent gate.
  2631 | D:3      | Found a runed translucent gate.
  2908 | D:3      | Noticed Ijyb
  2918 | D:3      | Killed Ijyb
  3777 | D:4      | Reached XP level 6. HP: 31/32 MP: 12/15
  3875 | D:4      | Found a staircase to the Ecumenical Temple.
  3879 | D:4      | Reached skill level 5 in Spellcasting
  3887 | Temple   | Entered the Ecumenical Temple
  4180 | D:4      | Reached skill level 7 in Ice Magic
  4697 | D:5      | Entered Level 5 of the Dungeon
  4713 | D:5      | Slain by a centaur

Levels and vault maps discovered:
D:1:      erik_arrival_triangle_medium, layout_basic, grunt_decor_clamped,
          minmay_misc_feat_chi, chequers_serial_rivers_small_b, st_stairs_13,
          corexii_hall_statues_s, minmay_misc_feat_iff
D:2:      layout_basic, yredelemnul_altar_generic, uniq_terence, uniq_jessica
D:3:      layout_basic, gammafunk_ghost_split, uniq_ijyb
D:4:      layout_cave_pools, minmay_temple_entry_grid
D:5:      layout_loops_ring, lemuel_crystal_altar, first_ration,
          portal_sewer_entry_b, uniq_grinder, uniq_duvessa
Temple:   minmay_crystal_snake_temple

Skill      XL: |  1  2  3  4  5  6 |
---------------+-------------------+-----
Ice Magic      | 5 6 7 |  7.2
Dodging        | 3 4 |  4.8
Spellcasting   | 4 5 |  5.5
Stealth        | |  2.4

Action                   |  1- 3 |  4- 6 || total
-------------------------+-------+-------++-------
Melee: Dagger            |     7 |    53 ||    60
 Cast: Freeze            |    44 |    96 ||   140
       Frozen Ramparts   |       |     3 ||     3
 Stab: Sleeping          |     4 |     3 ||     7
  Eat: Chunk             |     1 |    11 ||    12
Armor: Robe              |    11 |    26 ||    37
Dodge: Dodged            |    39 |    96 ||   135

Table legend:
 A = Non-vault XP
 B = Vault XP
 C = Vault XP percentage of total XP
 D = Non-vault monster count
 E = Vault monster count
 F = Vault count percentage of total count
                 A         B        C        D         E       F
            +---------+---------+-------+---------+---------+-------
      Total |     588 |     111 |  15.9 |      88 |       4 |   4.3
            +---------+---------+-------+---------+---------+-------
        D:1 |      47 |       2 |   4.1 |      25 |       1 |   3.8
        D:2 |     146 |      73 |  33.3 |      28 |       2 |   6.7
        D:3 |      34 |      36 |  51.4 |      18 |       1 |   5.3
        D:4 |     361 |       0 |   0.0 |      17 |       0 |   0.0
            +---------+---------+-------+---------+---------+-------
